 Dungeon Crawl Stone Soup version 0.21.1-1-g345015f (webtiles) character file.

767 aMcNicky the Slasher (level 7, -5/61 HPs)
             Began as a Minotaur Gladiator on Mar 13, 2018.
             Was an Initiate of Okawaru.
             Killed by nerve-wracking pain
             ... invoked by dscm's ghost
              (10 damage)
             ... on level 5 of the Dungeon.
             The game lasted 00:18:20 (4487 turns).

aMcNicky the Slasher (Minotaur Gladiator)           Turns: 4487, Time: 00:18:20

Health: -5/61      AC: 11    Str: 21    XL:     7   Next: 52%
Magic:  8/8        EV:  9    Int:  5    God:    Okawaru [......]
Gold:   216        SH:  5    Dex: 11    Spells: 6/6 levels left

rFire    . . .     SeeInvis .   a - +1 long sword
rCold    . . .     Gourm    .   (no shield)
rNeg     . . .     Faith    .   l - +0 chain mail
rPois    .         Spirit   .   c - +1 hat
rElec    .         Reflect  +   (no cloak)
rCorr    .         Harm     .   (no gloves)
MR       .....                  (no boots)
Stlth    ..........             w - +5 amulet of reflection
HPRegen  0.20/turn              u - +1 ring of protection
MPRegen  0.11/turn              (no ring)

@: hasted, very quick
A: retaliatory headbutt, horns 2
a: Renounce Religion


You were on level 5 of the Dungeon.
You worshipped Okawaru.
Okawaru was noncommittal.
You were not hungry.

You visited 2 branches of the dungeon, and saw 6 of its levels.

You collected 216 gold pieces.

Inventory:

Hand Weapons
 a - a +1 long sword (weapon)
Missiles
 d - 3 throwing nets (quivered)
Armour
 b - a +0 leather armour
 c - a +1 hat (worn)
 k - a +0 ring mail
 l - a +0 chain mail (worn)
Jewellery
 t - an uncursed amulet of rage
 u - a +1 ring of protection (left hand)
 w - a +5 amulet of reflection (around neck)
Scrolls
 i - a scroll of blinking {unknown}
 m - 2 scrolls of amnesia
 o - 4 scrolls of enchant armour
 p - a scroll of remove curse {@r2}
 r - 4 scrolls of enchant weapon
 s - 2 scrolls of fear {unknown}
 v - a scroll of teleportation {unknown}
 y - a scroll of noise {unknown}
 A - 2 scrolls of magic mapping {unknown}
 B - a scroll of summoning {unknown}
Potions
 e - 2 potions of curing {@q1}
 g - a potion of ambrosia {unknown}
 h - a potion of haste
 j - a potion of cancellation {unknown}
 n - 3 potions of lignification {unknown}
 q - a potion of berserk rage {unknown}
 x - a potion of mutation {unknown}
 z - a potion of resistance {unknown}
 D - a potion of brilliance {unknown}
Comestibles
 f - 7 rations
 C - 5 chunks of flesh


   Skills:
 + Level 5.1 Fighting
 * Level 7.5 Long Blades
 - Level 2.0 Throwing
 + Level 4.3 Armour
 - Level 3.2 Dodging
 - Level 2.7 Evocations


You had 6 spell levels left.
You didn't know any spells.

Dungeon Overview and Level Annotations

Branches:
Dungeon (5/15)             Temple (1/1) D:4

Altars:
Ashenzari
Cheibriados
Makhleb
Okawaru

Annotations:
D:5 dscm's ghost, novice DsNe


Innate Abilities, Weirdness & Mutations

You reflexively headbutt those who attack you in melee.
You have a pair of horns on your head.


Message History

Dscm's ghost is heavily damaged.
Dscm's ghost hits you but does no damage.
You miss dscm's ghost. Your headbutt misses dscm's ghost.
Dscm's ghost is heavily damaged.
Dscm's ghost hits you but does no damage.
You miss dscm's ghost. Your headbutt misses dscm's ghost.
Dscm's ghost is moderately damaged.
Dscm's ghost hits you but does no damage.
You miss dscm's ghost.
Dscm's ghost is moderately damaged.
You slash dscm's ghost! Your headbutt misses dscm's ghost.
Dscm's ghost is heavily damaged.
Dscm's ghost is no longer regenerating.
Dscm's ghost barely misses you.
You riposte.
You hit dscm's ghost. Your headbutt misses dscm's ghost.
Dscm's ghost is severely damaged.
You miss dscm's ghost.
Dscm's ghost is severely damaged.
Dscm's ghost points at you and mumbles some strange words.
Pain shoots through your body!
You die...

.....# ....( #..# #####
##+###+##..###...#####
#...........#.........
#...........#.......>.
#######..##.....##....##...
##....######W....##....##...
#..........@)....#..........
#..........#...[.'..........
#########..########...########...
...#..###..########...###...#####
...#...#...............'.........
.(<#...+...............#.........
...#...##...###.###...###.####.##
...#...##...###.##############.##
...#........#...'......#<.#......


You could see dscm's ghost.

Vanquished Creatures
  A phantom (D:4)
  A centaur (D:5)
  Blork the orc (D:4)
  A scorpion (D:4)
  4 hounds
  An iguana (D:4)
  An orc priest (D:3)
  2 orc wizards (D:4)
  2 worker ants (D:5)
  A hound skeleton (D:5)
  A gnoll (D:5)
  8 adders
  A shadow imp (D:5)
  3 worms
  2 dart slugs
  2 leopard geckos
  11 orcs
  3 ball pythons
  4 giant cockroaches
  6 goblins
  7 hobgoblins (D:3)
  14 jackals
  5 bats
  5 frilled lizards
  6 kobolds
  A leopard gecko skeleton (D:5)
  7 rats
101 creatures vanquished.

Notes
Turn   | Place    | Note
-------+----------+-------------------------------------------
     0 | D:1      | aMcNicky the Minotaur Gladiator began the quest for the Orb.
     0 | D:1      | Reached XP level 1. HP: 18/18 MP: 0/0
   252 | D:1      | Reached skill level 4 in Long Blades
   280 | D:1      | Reached XP level 2. HP: 15/25 MP: 1/1
   375 | D:1      | Reached skill level 1 in Armour
  1059 | D:2      | Reached XP level 3. HP: 30/30 MP: 2/2
  1624 | D:3      | Found a snail-covered altar of Cheibriados.
  1636 | D:2      | Reached XP level 4. HP: 26/38 MP: 3/3
  1745 | D:3      | Reached skill level 5 in Long Blades
  2244 | D:3      | Found a burning altar of Makhleb.
  2250 | D:3      | Reached XP level 5. HP: 37/46 MP: 4/4
  2815 | D:4      | Reached skill level 1 in Evocations
  2818 | D:4      | Noticed a phantom
  2839 | D:4      | Killed a phantom
  2839 | D:4      | Reached skill level 6 in Long Blades
  2839 | D:4      | Reached XP level 6. HP: 35/52 MP: 4/6
  3185 | D:4      | Noticed Blork the orc
  3191 | D:4      | Killed Blork the orc
  3396 | D:4      | Reached XP level 7. HP: 54/60 MP: 7/7
  3528 | D:4      | Found a staircase to the Ecumenical Temple.
  3537 | Temple   | Entered the Ecumenical Temple
  3572 | Temple   | Became a worshipper of Warmaster Okawaru
  3935 | D:5      | Entered Level 5 of the Dungeon
  4150 | D:5      | Reached skill level 7 in Long Blades
  4418 | D:5      | Noticed dscm's ghost (novice DsNe)
  4448 | D:5      | Reached skill level 5 in Fighting
  4487 | D:5      | Killed from afar by dscm's ghost

Skill      XL: |  1  2  3  4  5  6  7 |
---------------+----------------------+-----
Long Blades    | 4 5 6 7 |  7.5
Armour         | 1 2 3 4 |  4.3
Fighting       | 3 4 5 |  5.1
Evocations     | 1 2 |  2.7
Throwing       | |  2.0
Dodging        | |  3.2

Action                   |  1- 3 |  4- 6 |  7- 9 || total
-------------------------+-------+-------+-------++-------
Melee: Long sword        |    86 |   159 |   106 ||   351
       Headbutt          |    10 |    28 |    10 ||    48
Throw: Throwing net      |     1 |       |       ||     1
 Abil: Evoke Berserk Rag |       |     1 |       ||     1
  Use: Scroll            |       |     2 |     6 ||     8
       Potion            |       |       |     2 ||     2
  Eat: Chunk             |     2 |     7 |     1 ||    10
       Ration            |       |       |     1 ||     1
Armor: Leather armour    |     6 |       |       ||     6
       Ring mail         |    15 |    33 |       ||    48
       Chain mail        |       |    23 |    47 ||    70
Dodge: Dodged            |    54 |    64 |    32 ||   150
Block: Other             |       |       |    20 ||    20
       Rpst.: Long sword |    13 |    16 |     7 ||    36
